 Dungeon Crawl Stone Soup version 0.16.2-12-gd0ad4c3 (webtiles) character file.

24 SlimeFever the Insei (level 3, -25/23 HPs)
             Began as an Octopode Transmuter on Feb 28, 2016.
             Killed from afar by a giant cockroach (45 damage)
             ... with an exploding inner flame
             ... hexed by the player character
             ... on level 2 of the Dungeon.
             The game lasted 00:11:29 (1132 turns).

SlimeFever the Insei (Octopode Transmuter)          Turns: 1132, Time: 00:11:30

Health: -25/23     AC:  1    Str: 11    XL:     3   Next: 2%
Magic:  5/6        EV: 12    Int: 15    God:
Gold:   0          SH:  0    Dex: 13    Spells: 1 memorised, 5 levels left

rFire  . . .     SeeInvis .       - Unarmed
rCold  . . .     Clarity  .     (no shield)
rNeg   . . .     SustAb   .     (helmet restricted)
rPois  .         Gourm    .     (no amulet)
rElec  .         Spirit   .     k - +2 ring of strength
rCorr  .         Warding  .     (no ring)
rMut   .         Stasis   .     (no ring)
MR     .....                    (no ring)
Stlth  +++.......               (no ring)
                                (no ring)
                                (no ring)
                                (no ring)

@: appendage, not resistant to hostile enchantments, fairly stealthy
A: almost no armour, amphibious, 8 rings, constrict 8, tentacle spike 3,
camouflage 1, gelatinous body 1
a: End Transformation


You were on level 2 of the Dungeon.
You were not hungry.
One of your tentacles had a temporary spike.
You visited 1 branch of the dungeon, and saw 2 of its levels.

Inventory:

Missiles
 b - 12 arrows (quivered)
 c - 20 sling bullets
 g - 3 needles of slowing
 n - 18 bolts
Jewellery
 k - a +2 ring of strength (left tentacle)
Scrolls
 e - a scroll of amnesia
Potions
 h - a potion of cancellation {unknown}
 i - a potion of heal wounds {unknown}
 l - a potion of brilliance {unknown}
Books
 d - a book of Changes

   Spells                             Type                      Level
   a - Beastly Appendage              Transmutation                1
   b - Sticks to Snakes               Transmutation                2
   c - Spider Form                    Transmutation/Poison         3
   d - Ice Form                       Ice/Transmutation            4
   e - Blade Hands                    Transmutation                5
Comestibles
 a - a bread ration


   Skills:
 + Level 1.1 Fighting
 * Level 2.1 Dodging
 * Level 1.3 Stealth
 * Level 3.4 Unarmed Combat
 + Level 2.2 Spellcasting
 * Level 2.2 Transmutations


You had 5 spell levels left.
You knew the following spells:

 Your Spells              Type           Power        Failure   Level  Hunger
a - Beastly Appendage     Trmt           #.....       12%         1    #......


Dungeon Overview and Level Annotations

Branches:
Dungeon (2/15)

Altars:


Innate Abilities, Weirdness & Mutations

You cannot wear most types of armour.
You are amphibious.
You can wear up to eight rings at the same time.
You can use your tentacles to constrict many enemies at once.
Your skin changes colour to match your surroundings (Stealth).
Your rubbery body absorbs attacks (AC +1).
One of your tentacles bears a large vicious spike.


Message History

The giant cockroach barely misses you. The goblin hits you.
The goblin closely misses you. The giant cockroach barely misses you.
Found a ring mail.
Casting: Beastly Appendage
Confirm with . or Enter, or press ? or * to list all spells.
One of your tentacles grows a vicious spike.
The giant cockroach closely misses you.
You tentacle-slap the giant cockroach. You grab the giant cockroach.
Your tentacle spike misses the giant cockroach.
The giant cockroach is severely wounded.
You constrict the giant cockroach.
The giant cockroach waves its antennae.
The giant cockroach bites you but does no damage.
You tentacle-slap the giant cockroach but do no damage.
You squeeze the giant cockroach.
The giant cockroach explodes!
The fiery explosion engulfs you!
Ouch! That really hurt!
You die...

#.......#
#......# #.<#
#..# #..#
#w.# #..#
.#########w.#
........@.g.#
[.....#####.#
### #.# .# .#
.# .# .


You could see a worm (inner flame) and a goblin (inner flame).

Vanquished Creatures
  3 goblins (D:1)
  6 hobgoblins (D:1)
  5 bats (D:1)
  3 giant newts (D:1)
  4 kobolds (D:1)
  3 rats (D:1)
  A plant (D:1)
25 creatures vanquished.

Notes
Turn   | Place    | Note
--------------------------------------------------------------
     0 | D:1      | SlimeFever, the Octopode Transmuter, began the quest for the Orb.
     0 | D:1      | Reached XP level 1. HP: 13/13 MP: 3/3
   359 | D:1      | Reached XP level 2. HP: 9/18 MP: 2/4
   801 | D:1      | Reached skill level 1 in Stealth
   906 | D:1      | Reached XP level 3. HP: 23/23 MP: 6/6
  1132 | D:2      | Killed from afar by a giant cockroach

Action                   || total
-------------------------++-------
Melee: Unarmed           ||    70
 Cast: Beastly Appendage ||    14
  Use: Scroll            ||     3
 Stab: Sleeping          ||     1
  Eat: Beef jerky        ||     1
